 Dungeon Crawl Stone Soup version 0.19.5 (webtiles) character file.

82 Monsterracer the Cudgeler (level 4, 0/41 HPs)
             Began as an Ogre Gladiator on Sept 8, 2017.
             Was a Follower of Hepliaklqana.
             Slain by an adder (1 damage)
             ... on level 3 of the Dungeon.
             The game lasted 00:02:52 (2479 turns).

Monsterracer the Cudgeler (Ogre Gladiator)          Turns: 2479, Time: 00:02:53

Health: 0/41       AC:  3    Str: 21    XL:     4   Next: 43%
Magic:  4/4        EV: 10    Int:  7    God:    Hepliaklqana [*.....]
Gold:   117        SH:  0    Dex: 10    Spells: 0 memorised, 3 levels left

rFire  + . .     SeeInvis .     a - +0 flail
rCold  x . .     Gourm    .     b - +0 robe
rNeg   . . .     Faith    .     (no shield)
rPois  .         Spirit   .     c - +0 hat
rElec  .         Reflect  .     (no cloak)
rCorr  .         Harm     .     (gloves unavailable)
MR     .....                    (boots unavailable)
Stlth  +.........               (no amulet)
                                (no ring)
                                m - ring of fire

@: lethally poisoned (0 -> -5)
A: unfitting armour, reduced essence, tough skin 1
a: Recall Ancestor, Ancestor Identity, Renounce Religion


You were on level 3 of the Dungeon.
You worshipped Hepliaklqana.
Hepliaklqana was aware of your devotion.
You were not hungry.

You visited 1 branch of the dungeon, and saw 3 of its levels.

You collected 117 gold pieces.

Inventory:

Hand Weapons
 a - a +0 flail (weapon)
Missiles
 d - 3 throwing nets (quivered)
Armour
 b - a +0 robe (worn)
 c - a +0 hat (worn)
Jewellery
 m - a ring of fire (left hand)
Scrolls
 g - a scroll of random uselessness {unknown}
 h - a scroll of enchant armour {unknown}
 i - a scroll of recharging {unknown}
 j - a scroll of amnesia {unknown}
 l - 2 scrolls of remove curse {unknown}
 n - 3 scrolls of identify {unknown}
 p - a scroll of noise {unknown}
 s - a scroll of enchant weapon {unknown}
Potions
 e - a potion of haste {unknown}
 k - a potion of curing {unknown}
 r - a potion of brilliance {unknown}
 t - a potion of lignification {unknown}
Comestibles
 f - 2 bread rations
 o - 2 meat rations
 q - 2 chunks of flesh


   Skills:
 * Level 3.6 Fighting
 * Level 5.3 Maces & Flails
 + Level 2.6 Throwing
 + Level 3.0 Dodging
 + Level 0.0 Invocations


You had 3 spell levels left.
You didn't know any spells.

Dungeon Overview and Level Annotations

Branches:
Dungeon (3/15)

Altars:
Hepliaklqana

Annotations:
D:3 Monsterracer's ghost, amateur OgAM


Innate Abilities, Weirdness & Mutations

You are too large for most types of armour.
You have tough skin. (AC +1)
Your life essence is reduced. (-10% HP)


Message History

Monsterracer's ghost barely misses Nenetl.
Nenetl misses Monsterracer's ghost.
Monsterracer's ghost hits Nenetl.
Nenetl barely misses Monsterracer's ghost.
Something hits Nenetl!
An adder comes into view.
The adder hisses angrily.
Found a hardcover book.
A goblin comes into view. It is wielding a club.
Found a stone staircase leading down.
Nenetl hits Monsterracer's ghost.
The adder barely misses you. The adder bites you.
* * * LOW HITPOINT WARNING * * *
Huge Dmg: -3%(-1hp) hp: 5%(2hp)
You closely miss the adder. The adder closely misses you.
You hit the adder but do no damage. The adder bites you.
* * * LOW HITPOINT WARNING * * *
You are lethally poisoned!
The adder poisons you! The adder bites you.
You die...

#####.#.# ...
.......##..#.
#.#.W.......
#<...# ##.#.#####
##.#......
#..W###########
#...R..##...>.#
#...##.##@....#
....###...R.S....#
...#. #.#.##..:..#
## #. #?..##.....#
#. #..#########
....# ##...# #g..
...


You could see the friendly Nenetl the ancestor and an adder.

Vanquished Creatures
  3 adders (D:2)
  An ooze (D:1)
  A worm (D:2)
  4 dart slugs
  A leopard gecko (D:1)
  A ball python (D:2)
  4 bats
  2 giant cockroaches
  2 goblins
  4 hobgoblins (D:1)
  3 kobolds
  A quokka (D:2)
  2 frilled lizards (D:2)
  5 rats
34 creatures vanquished.

Vanquished Creatures (collateral kills)
  A worm (D:2)
  A leopard gecko (D:2)
  A giant cockroach (D:2)
  A bat (D:2)
4 creatures vanquished.

Grand Total: 38 creatures vanquished

Notes
Turn   | Place    | Note
-------+----------+-------------------------------------------
     0 | D:1      | Monsterracer the Ogre Gladiator began the quest for the Orb.
     0 | D:1      | Reached XP level 1. HP: 22/22 MP: 1/1
   332 | D:1      | Reached XP level 2. HP: 23/29 MP: 2/2
   340 | D:1      | HP: 14/29 [leopard gecko (4)]
   994 | D:2      | HP: 14/31 [kobold/short sword (2)]
   995 | D:2      | Reached XP level 3. HP: 12/37 MP: 3/3
  1000 | D:2      | HP: 6/37 [poisoned by an adder]
  1007 | D:2      | HP: 5/37 [poisoned by an adder]
  1313 | D:2      | HP: 16/37 [quokka (4)]
  1319 | D:2      | HP: 12/37 [quokka (1)]
  1761 | D:2      | Reached skill level 5 in Maces & Flails
  1766 | D:2      | HP: 18/37 [poisoned by an adder]
  1773 | D:2      | HP: 16/37 [poisoned by an adder]
  1780 | D:2      | HP: 15/37 [poisoned by an adder]
  1788 | D:2      | HP: 14/37 [poisoned by an adder]
  1991 | D:2      | Reached XP level 4. HP: 38/45 MP: 4/4
  2085 | D:2      | Found a faded altar of an unknown god.
  2097 | D:2      | Became a worshipper of Hepliaklqana the Forgotten
  2097 | D:2      | Reached * piety under Hepliaklqana
  2296 | D:2      | Identified a +0 rod of clouds (11/11) (You found it on level 2 of the Dungeon)
  2450 | D:3      | Noticed Monsterracer's ghost (amateur OgAM)
  2460 | D:3      | HP: 20/41 [Monsterracer's ghost (5)]
  2465 | D:3      | HP: 8/41 [Monsterracer's ghost (5)]
  2467 | D:3      | HP: 2/41 [Monsterracer's ghost (3)]
  2477 | D:3      | HP: 2/41 [adder (1)]
  2479 | D:3      | Slain by an adder

Skill      XL: |  1  2  3  4 |
---------------+-------------+-----
Fighting       | 3 |  3.6
Maces & Flails | 5 |  5.3
Dodging        | 3 |  3.0
Throwing       | |  2.6

Action                   |  1- 3 |  4- 6 || total
-------------------------+-------+-------++-------
Melee: Flail             |   106 |    59 ||   165
  Eat: Chunk             |     3 |     2 ||     5
Armor: Robe              |    33 |    16 ||    49
Dodge: Dodged            |    88 |    29 ||   117
